 Dungeon Crawl Stone Soup version 0.28.0-45-g0d030f2227 (webtiles) character file.

Game seed: 4200588386320955624

541 zeratav the Digger (level 7, -2/44 HPs)
             Began as a Gargoyle Earth Elementalist on Apr 5, 2022.
             Killed from afar by Ijyb (14 damage)
             ... with a bolt of acid
             ... on level 5 of the Dungeon.
             The game lasted 00:15:28 (4223 turns).

zeratav the Digger (Gargoyle Earth Elementalist)    Turns: 4223, Time: 00:15:29

Health: -2/44      AC: 11    Str: 12    XL:     7   Next: 26%
Magic:  20/21      EV: 10    Int: 17    God:
Gold:   420        SH:  0    Dex: 10    Spells: 6/12 levels left

rFire   . . .      SeeInvis .   q - +4 flail
rCold   . . .      Faith    .   (no shield)
rNeg    + . .      Spirit   .   h - +0 ring mail
rPois   ∞          Reflect  .   (no helmet)
rElec   +          Harm     .   e - +0 cloak
rCorr   .          Rampage  .   (no gloves)
Will    .....                   l - +0 pair of boots
Stlth   +.........              m - amulet of regeneration
HPRegen 0.94/turn               g - ring of magical power
MPRegen 0.17/turn               (no ring)

@: no status effects
A: sickness immunity, AC +4, negative energy resistance 1, electricity
resistance, torment resistance 1, petrification resistance
a: no special abilities


You were on level 5 of the Dungeon.
You visited 1 branch of the dungeon, and saw 5 of its levels.

You collected 700 gold pieces.
You spent 280 gold pieces at shops.

Inventory:

Hand Weapons
 q - a +4 flail (weapon)
Missiles
 c - 42 stones
Armour
 b - a +0 robe
 d - a scarf of invisibility
 e - a +0 cloak (worn)
 h - a +0 ring mail (worn)
 l - a +0 pair of boots (worn)
Jewellery
 g - a ring of magical power (left hand)
 m - an amulet of regeneration (around neck)
Wands
 j - a wand of flame (11)
Scrolls
 n - a scroll of fog {unknown}
 o - 2 scrolls of identify {unknown}
Potions
 a - a potion of berserk rage {unknown}
 f - 2 potions of curing {unknown}
 i - 2 potions of brilliance {unknown}
 k - a potion of heal wounds {unknown}
 p - a potion of invisibility {unknown}


   Skills:
 * Level 4.4 Fighting
 - Level 2.0 Dodging
 - Level 2.1 Stealth
 + Level 3.3 Spellcasting
 - Level 0.7 Transmutations
 * Level 6.3 Earth Magic
 + Level 2.0 Evocations


You had 6 spell levels left.
You knew the following spells:

 Your Spells              Type           Power      Damage    Failure   Level
a - Sandblast             Erth           48%        2d12      2%          1
b - Stone Arrow           Conj/Erth      26%        3d8       30%         3
c - Passwall              Tmut/Erth      11%        N/A       14%         2

Your spell library contained the following spells:

 Spells                   Type           Power      Damage    Failure   Level
 Magic Dart               Conj           8%         1d3       36%         1
 Searing Ray              Conj           4%         2d4       50%         2
 Petrify                  Tmut/Erth      14%        N/A       65%         4
 Gell's Gravitas          Tloc           2%         N/A       75%         3
 Lesser Beckoning         Tloc           2%         N/A       75%         3
 Teleport Other           Tloc           2%         N/A       75%         3
 Fulminant Prism          Conj/Hex       1%         3d6       98%         4


Dungeon Overview and Level Annotations

Branches:
Dungeon (5/15)
 Temple: D:4-7

Altars:
Makhleb
Sif Muna

Shops:
D:4 =

Annotations:
D:5 Ijyb


Innate Abilities, Weirdness & Mutations

You are immune to sickness and miasma.
Your stone body is resilient. (AC +4)
You are immune to poison.
You resist negative energy. (rN+)
You are resistant to electric shocks. (rElec)
You are resistant to unholy torment.
You are immune to petrification.


Message History

Memorise Passwall, consuming 2 spell levels and leaving 6?
You start memorising the spell.
You continue memorising. x2
You finish memorising.
Spell assigned to 'c'.
Okay, then.
Okay, then.
There is a stone staircase leading down here.
You climb downwards.
Ijyb shouts!
There is a stone staircase leading up here.
Ijyb zaps a wand.
The bolt of acid hits you!!
Ouch! That really hurt!
* * * LOW HITPOINT WARNING * * *
Ijyb drinks a potion.
Ijyb seems to speed up.
There is a stone staircase leading up here.
You climb upwards.
There is a stone staircase leading down here.
You start resting.
HP restored.
You start waiting.
Done waiting.
You climb downwards.
Level annotation: Ijyb Ijyb hits you but does no damage.
There is a stone staircase leading up here.
The blast of sand hits Ijyb.
Ijyb is lightly wounded.
Ijyb zaps a wand.
The bolt of acid hits you!!
Ouch! That really hurt!
* * * LOW HITPOINT WARNING * * *
You hit Ijyb but do no damage.
Ijyb is lightly wounded.
Ijyb hits you but does no damage.
You thump Ijyb!
Ijyb is heavily wounded.
Ijyb hits you but does no damage.
You closely miss Ijyb.
Ijyb is heavily wounded.
Ijyb screams, "Me very upset!"
Ijyb hits you but does no damage.
Ijyb zaps a wand.
The bolt of acid hits you!
You die...

#... ...
...## ..#
#.... ..#
#.#.. ..#
###.... ..#
.......#..#
#........#
#...g##.#
#.#@....#
#.......#....
#.#.###.# ##.
# #. ... #
.### #


You could see Ijyb.

Vanquished Creatures
  Eustachio (D:4)
  A black bear (D:4)
  A scorpion (D:4)
  A bullfrog skeleton (D:4)
  2 orc priests (D:4)
  2 iguanas (D:4)
  4 adders (D:4)
  A worm (D:2)
  5 dart slugs
  8 orcs
  4 endoplasms
  4 giant cockroaches
  7 hobgoblins
  9 kobolds
  2 quokkas (D:4)
  11 ball pythons
  6 bats
  A frilled lizard (D:3)
  6 goblins
  6 rats
82 creatures vanquished.

Notes
Turn   | Place    | Note
-------+----------+-------------------------------------------
     0 | D:1      | zeratav the Gargoyle Earth Elementalist began the quest for
                  | the Orb.
     0 | D:1      | Reached XP level 1. HP: 10/10 MP: 3/3
   388 | D:1      | Reached XP level 2. HP: 16/16 MP: 1/5
   391 | D:1      | Reached skill level 1 in Fighting
   396 | D:1      | Reached skill level 4 in Earth Magic
   634 | D:1      | You fall into a shaft and drop 1 floor!
   882 | D:2      | Reached XP level 3. HP: 20/20 MP: 4/6
  2070 | D:3      | Reached XP level 4. HP: 26/26 MP: 5/7
  2552 | D:4      | Identified a scroll of acquirement
  2552 | D:4      | Acquired 540 gold pieces
  2557 | D:4      | Found Jeytwu Neur's Jewellery Emporium.
  2626 | D:4      | Reached XP level 5. HP: 23/31 MP: 1/8
  2900 | D:4      | Reached skill level 5 in Earth Magic
  3083 | D:4      | Reached skill level 1 in Evocations
  3112 | D:4      | Found a burning altar of Makhleb.
  3116 | D:4      | Found a shimmering blue altar of Sif Muna.
  3166 | D:4      | Reached XP level 6. HP: 20/37 MP: 0/10
  3277 | D:4      | Noticed Eustachio
  3284 | D:4      | Killed Eustachio
  3510 | D:4      | Reached skill level 6 in Earth Magic
  3526 | D:4      | Noticed a black bear
  3639 | D:4      | Reached XP level 7. HP: 24/43 MP: 6/11
  4014 | D:4      | Bought a ring of magical power for 280 gold pieces
  4072 | D:4      | Learned a level 3 spell: Stone Arrow
  4075 | D:4      | Learned a level 2 spell: Passwall
  4082 | D:5      | Entered Level 5 of the Dungeon
  4082 | D:5      | Noticed Ijyb
  4223 | D:5      | Killed from afar by Ijyb

Illustrated notes

Levels and vault maps discovered:
D:1:      minmay_arrival_loop, layout_basic, minivault_4
D:2:      minmay_door_path, layout_basic
D:3:      layout_rooms
D:4:      layout_cave_pods, nicolae_overflow_squiral, serial_shops, shop,
          uniq_eustachio
D:5:      layout_basic, gammafunk_ghost_necromancy, serial_shops, shop_statue,
          minmay_fractal_squares_5, uniq_sigmund, uniq_ijyb

Skill      XL: |  1  2  3  4  5  6  7 |
---------------+----------------------+-----
Fighting       | 1 2 3 4 |  4.4
Earth Magic    | 4 5 6 |  6.3
Dodging        | 2 |  2.0
Evocations     | 1 2 |  2.0
Spellcasting   | 3 |  3.3
Stealth        | |  2.1
Transmutations | |  0.7

Action                   |  1- 3 |  4- 6 |  7- 9 || total
-------------------------+-------+-------+-------++-------
Melee: Unarmed           |     6 |       |       ||     6
       Short sword       |    60 |    50 |       ||   110
       Punch             |       |     2 |       ||     2
       Rapier            |       |    14 |       ||    14
       Flail             |       |       |     5 ||     5
 Cast: Sandblast         |    37 |    59 |     4 ||   100
  Use: Scroll            |       |     2 |       ||     2
 Stab: Sleeping          |     1 |       |       ||     1
       Paralysed         |       |     1 |       ||     1
Armor: Robe              |    36 |       |       ||    36
       Ring mail         |    10 |    34 |     4 ||    48
Dodge: Dodged            |    62 |    42 |     1 ||   105
